Map: Ascension to Aiur LE

Players

Veryn - Winner!

  • Race: Protoss Protoss
  • Spawn Location: 11:00

EotenaS

  • Race: Terran Terran
  • Spawn Location: 5:00

Event: WCS Valencia 2017

VOD

Have the link to the VOD?

Description

Time

  • Played on: July 13, 2017, 7:08 a.m.
  • Length: 10:37

All games in this series

Show
View Real Time Build Order
Export as new Build Order

Veryn Protoss - Winner!

Build Orders: 1 Gate Expand, Oracle Opening, Phoenix Opening 

Get SALT Encoding   

  12  0:00  Probe (Chrono Boost)  
  13  0:11  Probe (Chrono Boost)  
  14  0:17  Pylon  
  14  0:22  Probe (Chrono Boost)  
  16  0:35  Probe (Chrono Boost)  
  16  0:36  Gateway  
  16  0:41  Assimilator  
  16  0:46  Probe (Chrono Boost)  
  17  0:57  Probe (Chrono Boost)  
  18  1:07  Probe (Chrono Boost)  
  19  1:18  Probe (Chrono Boost)  
  20  1:23  Nexus  
  20  1:32  Cybernetics Core  
  20  1:35  Probe (Chrono Boost)  
  21  1:40  Assimilator  
  21  1:45  Probe (Chrono Boost)  
  22  1:49  Pylon  
  22  1:57  Probe (Chrono Boost)  
  23  2:07  Probe (Chrono Boost)  
  24  2:09  Adept (Chrono Boost)  
  26  2:18  Stargate  
  26  2:19  Probe  
  27  2:26  Warp Gate  
  27  2:32  Probe  
  27  2:33  Adept (Chrono Boost)  
  30  2:37  Probe  
  30  2:44  Probe  
  32  2:48  Probe  
  32  2:56  Probe  
  33  2:58  Probe  
  33  3:01  Oracle (Chrono Boost)  
  37  3:08  Probe  
  37  3:09  Probe  
  39  3:18  Nexus  
  39  3:23  Pylon  
  39  3:27  Mothership Core  
  39  3:28  Probe  
  42  3:36  Pylon  
  42  3:38  Probe  
  43  3:42  Phoenix (Chrono Boost)  
  45  3:48  Probe  
  45  3:52  Probe  
  47  4:00  Probe  
  48  4:02  Probe  
  45  4:12  Probe  
  45  4:14  Probe  
  46  4:18  Gateway  
  46  4:19  Gateway  
  41  4:24  Probe  
  41  4:25  Probe  
  41  4:29  Twilight Council  
  41  4:31  Forge  
  43  4:32  Probe  
  43  4:35  Probe  
  43  4:37  Probe  
  43  4:38  Pylon  
  46  4:42  Phoenix (Chrono Boost)  
  46  4:45  Probe  
  48  4:46  Probe  
  48  4:49  Probe  
  51  4:56  Probe x2  
  53  5:01  Probe  
  53  5:06  Probe  
  54  5:07  Probe  
  54  5:08  Protoss Ground Weapons Level 1  
  54  5:13  Probe  
  57  5:16  Resonating Glaives (Chrono Boost)  
  57  5:17  Probe  
  57  5:18  Probe  
  57  5:20  Assimilator  
  59  5:24  Assimilator  
  59  5:25  Probe  
  59  5:27  Probe  
  62  5:28  Probe  
  62  5:29  Phoenix (Chrono Boost)  
  62  5:31  Adept x2  
  68  5:36  Adept  
  68  5:38  Probe x2  
  72  5:43  Probe  
  72  5:49  Probe  
  73  5:50  Probe  
  73  5:52  Phoenix (Chrono Boost)  
  73  5:53  Probe  
  78  5:59  Pylon, Probe  
  79  6:08  Probe x2  
  79  6:10  Probe  
  81  6:18  Pylon  
  82  6:20  Probe x2  
  82  6:23  Gateway x2  
  84  6:26  Gateway, Phoenix  
  84  6:27  Gateway  
  84  6:30  Robotics Facility  
  86  6:48  Gateway x2  
  86  6:50  Gateway  
  86  6:53  Phoenix (Chrono Boost)  
  88  6:54  Pylon  
  88  6:56  Adept x3  
  88  6:57  Pylon  
  88  6:58  Pylon  
  88  7:00  Photon Cannon  
  94  7:08  Pylon  
  94  7:09  Photon Cannon  
  94  7:15  Photon Cannon  
  94  7:16  Phoenix (Chrono Boost)  
  94  7:17  Warp Prism (Chrono Boost)  
  94  7:22  Adept x3  
  100  7:24  Adept  
  100  7:27  Adept  
  108  7:36  Adept x2  
  112  7:38  Phoenix  
  114  7:47  Adept x4  
  114  7:48  Adept x2  
  126  7:53  Pylon  
  126  7:56  Pylon  
  126  7:58  Pylon  
  126  8:01  Pylon  
  126  8:24  Adept x2  
  126  8:25  Adept x7  
  112  8:58  Adept x9  
  108  9:18  Immortal (Chrono Boost), Robotics Facility  
  110  9:30  Probe  
  110  9:31  Probe x2  
  113  9:32  Assimilator  
  113  9:35  Assimilator  
  107  9:38  Adept  
  107  9:39  Adept x8  
  107  9:43  Probe  
  122  9:50  Nexus  
  114  9:53  Pylon  
  114  9:58  Immortal (Chrono Boost)  
  118  10:14  Zealot x6  
  120  10:15  Adept x3  
Show
View Real Time Build Order
Export as new Build Order

EotenaS Terran 

Build Orders: Reaper Expand, Mech 

Get SALT Encoding   

  12  0:01  SCV  
  13  0:13  SCV  
  14  0:17  Supply Depot  
  14  0:25  Refinery  
  14  0:27  SCV  
  15  0:39  SCV  
  16  0:50  Barracks  
  16  0:52  SCV  
  17  1:04  SCV  
  18  1:16  SCV  
  19  1:36  Orbital Command  
  19  1:37  Reaper  
  20  1:51  Command Center  
  20  2:03  Factory  
  20  2:05  SCV  
  21  2:10  Barracks Reactor  
  21  2:17  SCV  
  22  2:23  Supply Depot  
  22  2:33  SCV  
  22  2:34  Refinery  
  23  2:49  SCV  
  24  2:54  Starport  
  24  2:58  Hellion x2  
  28  3:02  SCV  
  28  3:05  Barracks Tech Lab  
  29  3:09  Orbital Command  
  29  3:14  SCV  
  29  3:18  Widow Mine  
  32  3:23  Widow Mine  
  32  3:26  SCV  
  35  3:31  Medivac  
  37  3:37  SCV  
  37  3:38  SCV  
  37  3:39  Supply Depot  
  39  3:47  Widow Mine  
  41  3:49  SCV  
  41  3:50  SCV  
  41  3:52  Widow Mine  
  45  4:01  SCV  
  45  4:02  SCV  
  46  4:13  Viking  
  46  4:14  SCV x2, Engineering Bay, Factory  
  52  4:26  SCV  
  52  4:28  SCV  
  52  4:30  Refinery x2, Supply Depot  
  52  4:35  Cyclone  
  53  4:38  SCV  
  53  4:42  Missile Turret  
  53  4:44  SCV  
  53  4:50  SCV  
  54  4:56  SCV  
  55  5:03  SCV  
  56  5:08  SCV  
  56  5:12  Cyclone, Command Center  
  60  5:15  SCV  
  60  5:20  SCV, Supply Depot  
  62  5:25  Cyclone, Viking  
  62  5:27  SCV  
  68  5:34  SCV  
  69  5:38  Supply Depot  
  69  5:39  SCV  
  69  5:41  Siege Tank  
  73  5:44  Supply Depot  
  73  5:46  SCV, Supply Depot  
  74  6:05  SCV x2  
  74  6:08  Hellion x2  
  76  6:13  Factory x2  
  76  6:18  SCV x2, Factory  
  78  6:20  Armory  
  78  6:28  Orbital Command  
  78  6:38  SCV x2  
  74  6:48  Cyclone  
  74  6:50  Siege Tank, Orbital Command, SCV  
  74  6:51  SCV  
  82  6:59  Hellion  
  82  7:00  Barracks Reactor  
  82  7:01  Factory Tech Lab  
  84  7:03  SCV x2, Starport Reactor  
  84  7:06  Missile Turret  
  86  7:10  Factory Tech Lab, Missile Turret  
  86  7:15  SCV x2  
  88  7:16  Terran Vehicle Weapons Level 1  
  88  7:17  Supply Depot  
  88  7:21  Hellion  
  88  7:22  SCV  
  91  7:25  Hellion  
  91  7:27  SCV  
  91  7:29  SCV  
  95  7:33  Refinery  
  95  7:34  SCV  
  95  7:36  Cyclone  
  99  7:39  SCV  
  99  7:41  SCV  
  99  7:42  Missile Turret  
  101  7:46  SCV  
  101  7:51  SCV  
  103  7:52  Refinery  
  103  7:53  Thor  
  103  7:54  Hellion, SCV  
  103  7:55  Hellion  
  115  7:58  SCV  
  115  7:59  Widow Mine x2  
  115  8:03  SCV  
  115  8:05  Supply Depot  
  120  8:06  SCV  
  120  8:10  SCV, Armory  
  122  8:13  Siege Tank  
  125  8:25  Supply Depot  
  125  8:26  SCV  
  125  8:27  Siege Tank, SCV x2, Supply Depot  
  131  8:29  Supply Depot  
  131  8:31  Supply Depot x2  
  131  8:32  Hellion  
  133  8:37  Hellion  
  133  8:38  Siege Tank, Hellion x2  
  133  8:39  SCV  
  121  8:45  Widow Mine  
  102  8:50  SCV x2  
  102  8:52  Widow Mine  
  92  8:58  SCV  
  92  8:59  Widow Mine  
  92  9:02  SCV  
  79  9:10  SCV  
  79  9:18  Siege Tank x2  
  79  9:19  Siege Tank, Hellion x2  
  91  9:36  SCV x2  
  93  9:42  Widow Mine x3  
  99  9:50  Siege Tank  
  95  9:54  SCV x2, Viking x2  
  95  10:09  SCV  
  95  10:10  SCV  
  95  10:13  Hellion  
Tags
 
Add a new tag
Caveats
  • Supply blocks, unpowered buildings, or Contaminate may cause inaccurate times.
  • Supply counts are checked every 10 seconds.